[Event "*** SCC Grand Prix: Titled Tuesday Blitz"]
[Site "Chess.com"]
[Date "2020.08.11"]
[Round "2"]
[White "canary2016"]
[Black "Falia-p"]
[Result "1-0"]
[WhiteElo "1866"]
[BlackElo "2330"]
[TimeControl "180+1"]
[EndTime "10:18:08 PDT"]
[Termination "canary2016 won on time"]

1. Nf3 d5 2. c4 d4 3. b4 g5 4. Bb2 e5 5. Nxe5 Bxb4 6. Qa4+ Nc6 7. Nxc6 bxc6 8. Qxb4 Ne7 9. c5 Be6 10. Qxd4 Qxd4 11.
Bxd4 O-O 12. g3 Nf5 13. Bc3 Bd5 14. Rg1 Rfe8 15. Bg2 Bc4 16. Bf3 Re6 17. Kd1 Rae8 18. d3 Bb5 19. Na3 Ba4+ 20. Kd2 h5 21. Bxh5 Rh6 22.
Bg4 Ne7 23. h4 f5 24. hxg5 Rh2 25. Bf3 Rxf2 26. Raf1 Rxf1 27. Rxf1 Ng6 28. Rh1 Re6 29. Bh5 Ne7 30. Bf3 Ng6 31. Nc4 Bb5 32. Na5 f4 33.
gxf4 Nxf4 34. Rh8+ Kf7 35. Rh7+ Kg8 36. Rg7+ Kf8 37. Rxc7 1-0

[Event "*** SCC Grand Prix: Titled Tuesday Blitz"]
[Site "Chess.com"]
[Date "2020.08.11"]
[Round "2"]
[White "r31415"]
[Black "queen_iryna"]
[Result "1-0"]
[WhiteElo "2457"]
[BlackElo "2252"]
[TimeControl "180+1"]
[EndTime "10:18:10 PDT"]
[Termination "r31415 won by resignation"]

1. e4 d6 2. d4 Nf6 3. Nc3 e5 4. dxe5 dxe5 5. Qxd8+ Kxd8 6. f4 Bb4 7. Bd2 exf4 8. O-O-O Nbd7 9. Nf3 Re8 10. Bc4 Bxc3 11. Bxc3 Nxe4 12. Bxg7 Nf2 13. Bf6+ Re7 14. Rhe1 Nxd1 15.
Bxe7+ Ke8 16. Kxd1 Nb6 17. Bb3 Be6 18. Bxe6 fxe6 19.
Rxe6 Kf7 20. Ng5+ Kg7 21. Bc5 Rd8+ 22. Ke2 Nd5 23. Re4 Kg6 24. Ne6 Rg8 25. c4 Nf6 26. Re5 Kf7 27. Nxf4 Rg4 28. Re7+ Kg8 29. g3 b6 30. Bd4 1-0

[Event "*** SCC Grand Prix: Titled Tuesday Blitz"]
[Site "Chess.com"]
[Date "2020.08.11"]
[Round "2"]
[White "BulletMercenary"]
[Black "guillembaches"]
[Result "0-1"]
[WhiteElo "2149"]
[BlackElo "2404"]
[TimeControl "180+1"]
[EndTime "10:18:10 PDT"]
[Termination "guillembaches won on time"]

1. d4 Nf6 2. c4 e6 3. Nc3 Bb4 4. Qc2 O-O 5. Nf3 b6 6. a3 Bxc3+ 7. bxc3 Bb7 8. e3 d6 9. Bd3 Nbd7 10. O-O c5 11.
Nd2 Qe7 12. a4 a5 13. Ba3 e5 14. Rab1 e4 15. Be2 Rfe8 16. Rfe1 h6 17. Nf1 Ba6 18. Rb3 Rac8 19. Reb1 Qd8 20. Ng3 Bb7 21. d5 g6 22. Qd2 h5 23. Bc1 Ba6 24. Nf1 Rb8 25. f4 exf3 26. gxf3 Ne5 27. e4 Nxc4 28. Qh6 Nd7 29.
Nd2 Nxd2 30. Qxd2 Bxe2 31. Qxe2 Qh4 32. Be3 Qe7 33. c4 Qd8 34. Kh1 Qc7 35. Rg1 Ne5 36. f4 Ng4 37. Bc1 Rxe4 0-1

[Event "*** SCC Grand Prix: Titled Tuesday Blitz"]
[Site "Chess.com"]
[Date "2020.08.11"]
[Round "2"]
[White "2nd_life"]
[Black "DenLaz"]
[Result "1-0"]
[WhiteElo "2479"]
[BlackElo "2683"]
[TimeControl "180+1"]
[EndTime "10:18:11 PDT"]
[Termination "2nd_life won by resignation"]

1. e4 e5 2. f4 Bc5 3. Nf3 d6 4. Nc3 Nf6 5. Bc4 O-O 6. d3 c6 7. Bb3 a5 8. a3 Nbd7 9. Qe2 b5 10. fxe5 dxe5 11. Be3 Qe7 12. O-O Ba6 13. Kh1 Bxe3 14.
Qxe3 Nc5 15. Ba2 b4 16. Ne2 Rab8 17. axb4 axb4 18. Nc1 Nfd7 19. Ng5 Nf6 20. Nb3 Nxb3 21. Bxb3 Ra8 22. Qb6 Bb7 23. Rxa8 Bxa8 24. Nxf7 Rxf7 25.
Qb8+ Qf8 26. Bxf7+ Kxf7 27. Qxe5 Qe7 28. Qb8 Bb7 29.
e5 1-0

[Event "*** SCC Grand Prix: Titled Tuesday Blitz"]
[Site "Chess.com"]
[Date "2020.08.11"]
[Round "2"]
[White "vesalhamedinia"]
[Black "Alomaterapia"]
[Result "1-0"]
[WhiteElo "2290"]
[BlackElo "2515"]
[TimeControl "180+1"]
[EndTime "10:18:11 PDT"]
[Termination "vesalhamedinia won by checkmate"]

1. d4 Nf6 2. c4 g6 3. Nc3 Bg7 4. h3 d5 5. cxd5 Nxd5 6. e4 Nxc3 7. bxc3 c5 8. Nf3 Nc6 9. Be3 Qa5 10. Bd2 O-O 11. Bc4 b5 12. Bd5 Bb7 13. O-O e6 14.
Bb3 Qb6 15. Be3 Rfd8 16. dxc5 Qc7 17. Qe2 Na5 18. Bc2 Nc4 19. Bd4 e5 20. Be3 Rac8 21. Rfd1 Rxd1+ 22. Rxd1 h6 23. Bb3 Nxe3 24. Qxe3 Qe7 25.
c4 bxc4 26. Bxc4 Rxc5 27. Bb3 Kh7 28. Qd3 Rc7 29. Nd2 Rd7 30. Qe2 Bf6 31. Nc4 Qd8 32. Rxd7 Qxd7 33. Na5 Bc8 34. Qc4 Kg7 35. Nc6 Qd2 36.
Qxf7+ Kh8 37. Qg8# 1-0

[Event "*** SCC Grand Prix: Titled Tuesday Blitz"]
[Site "Chess.com"]
[Date "2020.08.11"]
[Round "2"]
[White "GAusal"]
[Black "MF1966Idrisov"]
[Result "1-0"]
[WhiteElo "2142"]
[BlackElo "2374"]
[TimeControl "180+1"]
[EndTime "10:18:11 PDT"]
[Termination "GAusal won by checkmate"]

1. e4 c6 2. d4 d5 3. exd5 cxd5 4. Be2 Nc6 5. Nf3 Nf6 6. O-O Bg4 7. Bf4 e6 8. Nc3 Bd6 9. Bxd6 Qxd6 10. Ne1 Bf5 11. g4 Bg6 12. f4 Be4 13. Nb5 Qb8 14. g5 Nd7 15. c4 a6 16. Nc3 O-O 17. Bg4 Nb6 18.
c5 Nc4 19. Nxe4 Ne3 20. Qe2 Nxf1 21. Nd6 Nxh2 22. Qxh2 Nxd4 23. Nd3 b6 24. Kf2 bxc5 25. Rh1 h6 26. gxh6 g6 27. f5 exf5 28. Bf3 c4 29. Qe5 f6 30. Qxd4 cxd3 31. Bxd5+ Kh8 32. Bxa8 Qxa8 33. Re1 Qb8 34. Re8 Rxe8 35. Qxf6+ Kh7 36. Qg7# 1-0

[Event "*** SCC Grand Prix: Titled Tuesday Blitz"]
[Site "Chess.com"]
[Date "2020.08.11"]
[Round "2"]
[White "ClydeHillKid"]
[Black "stanyga"]
[Result "0-1"]
[WhiteElo "2307"]
[BlackElo "2651"]
[TimeControl "180+1"]
[EndTime "10:18:12 PDT"]
[Termination "stanyga won by checkmate"]

1. e4 c5 2. Nf3 d6 3. d4 cxd4 4. Nxd4 Nf6 5. Nc3 a6 6. Bd3 e5 7. Nde2 Be7 8. O-O O-O 9. Ng3 Be6 10. Nd5 Nbd7 11. c4 Rc8 12. h3 Re8 13. Be3 Bf8 14. Rc1 g6 15. b3 Bg7 16. Bb1 h6 17.
Qd2 Kh7 18. a4 Nc5 19. Nxf6+ Qxf6 20. Bc2 Red8 21. b4 Bxc4 22. bxc5 Bxf1 23. Nxf1 dxc5 24. Qc3 Rd4 25. Bxd4 exd4 26. Qc4 Rc7 27. Bb3 Qc6 28. a5 Qxe4 29. Ng3 Qf4 30. Re1 Qd2 31. Ra1 d3 32.
Rd1 Qxa5 33. Rxd3 b5 34. Qd5 c4 35. Bxc4 Qe1+ 36. Nf1 bxc4 37. Rf3 c3 38. Rxf7 Rxf7 39. Qxf7 c2 40. h4 c1=Q 41. h5 Qxf1+ 42. Kh2 Qg1+ 43. Kg3 Qg5+ 44. Kf3 Q1xg2+ 45. Ke2 Qe4+ 46. Kf1 Qc1# 0-1

[Event "*** SCC Grand Prix: Titled Tuesday Blitz"]
[Site "Chess.com"]
[Date "2020.08.11"]
[Round "2"]
[White "ChessBitl"]
[Black "barbara25"]
[Result "1-0"]
[WhiteElo "2417"]
[BlackElo "2187"]
[TimeControl "180+1"]
[EndTime "10:18:12 PDT"]
[Termination "ChessBitl won by resignation"]

1. e4 c5 2. Nf3 d6 3. d4 cxd4 4. Nxd4 Nf6 5. f3 a6 6. c4 e5 7. Nc2 Be7 8. Nc3 Be6 9. Ne3 O-O 10. Be2 Nbd7 11. Ned5 Bxd5 12. cxd5 Rc8 13. O-O b5 14. Be3 Nh5 15. g3 g6 16. Bh6 Ng7 17. Kg2 f5 18.
Qd2 Nf6 19. exf5 gxf5 20. Bd3 Nd7 21. Kh1 Qe8 22. Rae1 Qg6 23. g4 b4 24. Nd1 e4 25.
Bxa6 Rce8 26. Bb5 Rd8 27. Bxg7 Qxg7 28. gxf5 Rxf5 29. Rg1 Bg5 30. Ne3 Rxf3 31. Rxg5 Qxg5 32. Rg1 Qxg1+ 33. Kxg1 Ne5 34. Be2 Rf7 35. Kh1 Kh8 36. Qxb4 Rg8 37. Qxd6 Nf3 38. Bxf3 exf3 39. Qe5+ Rgg7 40.
Qe8+ 1-0

[Event "*** SCC Grand Prix: Titled Tuesday Blitz"]
[Site "Chess.com"]
[Date "2020.08.11"]
[Round "2"]
[White "GoldenShare"]
[Black "nrvisakh"]
[Result "0-1"]
[WhiteElo "2501"]
[BlackElo "2754"]
[TimeControl "180+1"]
[EndTime "10:18:14 PDT"]
[Termination "nrvisakh won by resignation"]

1. e4 c6 2. Nc3 d5 3. Nf3 Bg4 4. h3 Bxf3 5. Qxf3 e6 6. d4 Nf6 7. Be3 Bb4 8. exd5 cxd5 9. Bd3 Nc6 10. O-O O-O 11. Ne2 Re8 12. c3 Bd6 13. Bf4 e5 14. dxe5 Nxe5 15. Bxe5 Bxe5 16. Rad1 Qb6 17. b3 Rac8 18.
c4 d4 19. Ng3 Bxg3 20. fxg3 Re3 21. Qf2 Rce8 22. g4 h6 23. Qf5 Qd6 24. g5 R3e5 25. Qf3 Rxg5 26. Qxb7 Re3 27. Qa8+ Re8 28. Rxf6 Qe7 29.
Qxe8+ Qxe8 30. Rf3 Re5 31. Kh2 Re3 32. Rdf1 Qe5+ 33.
g3 Rxd3 34. Rxd3 Qe2+ 0-1

[Event "*** SCC Grand Prix: Titled Tuesday Blitz"]
[Site "Chess.com"]
[Date "2020.08.11"]
[Round "2"]
[White "Anuar_Is"]
[Black "GlennTipton"]
[Result "1-0"]
[WhiteElo "2684"]
[BlackElo "2454"]
[TimeControl "180+1"]
[EndTime "10:18:14 PDT"]
[Termination "Anuar_Is won by resignation"]

1. e4 e5 2. Nf3 Nc6 3. Bb5 a6 4. Ba4 Nf6 5. O-O Be7 6. Re1 b5 7. Bb3 d6 8. c3 O-O 9. h3 Na5 10. Bc2 c5 11. d4 Nd7 12. b3 Bf6 13. Bb2 Nc6 14. Nbd2 cxd4 15. cxd4 exd4 16. Rc1 Nc5 17. Bb1 d3 18. e5 Be7 19. Ne4 Nxe4 20. Qxd3 Bf5 21.
Rxc6 dxe5 22. Nxe5 Qxd3 23. Bxd3 Nd6 24. Bxf5 Nxf5 25. Nf3 Rfe8 26. g4 Nh4 27. Nxh4 Bxh4 28. Rxe8+ Rxe8 29. Rxa6 h5 30. gxh5 Re2 31. Bd4 Re4 32. Be3 Re5 33. h6 g5 34. Kg2 f5 35.
Ra7 Rd5 36. Bc1 Rc5 37. h7+ 1-0

[Event "*** SCC Grand Prix: Titled Tuesday Blitz"]
[Site "Chess.com"]
[Date "2020.08.11"]
[Round "2"]
[White "12teen"]
[Black "LimeInTheCoconut"]
[Result "1-0"]
[WhiteElo "2680"]
[BlackElo "2452"]
[TimeControl "180+1"]
[EndTime "10:18:14 PDT"]
[Termination "12teen won on time"]

1. g3 d5 2. Bg2 Nf6 3. d3 e6 4. Nc3 Nbd7 5. e4 dxe4 6. dxe4 Be7 7. f4 c6 8. Qe2 O-O 9. Nf3 a5 10. O-O b6 11. Rd1 Ba6 12. Qe1 Qc7 13. h3 Rad8 14.
Be3 Bc5 15. Bxc5 Nxc5 16. Qe3 Rxd1+ 17. Rxd1 Rd8 18. Rxd8+ Qxd8 19. Nd4 Qc7 20. Nb3 Nxb3 21. axb3 Nd7 22. e5 c5 23. Ne4 c4 24. bxc4 Qxc4 25. Qd2 Qc7 26. Nd6 h6 27. Be4 Nc5 28. Bf3 Na4 29. c3 Nc5 30. Qd4 Nb3 31. Qe4 Nd2 32.
Qa8+ Kh7 33. Be4+ Nxe4 34. Qxe4+ g6 35. Qd4 Qc6 36. Qe4 Qxe4 37. Nxe4 Kg7 38. Kf2 Bb7 39.
Nd6 Ba6 40. Ke3 Kf8 41. Kd4 Ke7 42. c4 g5 43. fxg5 hxg5 44. h4 gxh4 45. gxh4 f6 46. h5 fxe5+ 47. Kxe5 1-0

[Event "*** SCC Grand Prix: Titled Tuesday Blitz"]
[Site "Chess.com"]
[Date "2020.08.11"]
[Round "2"]
[White "BeanScreen"]
[Black "IriBu"]
[Result "1-0"]
[WhiteElo "2715"]
[BlackElo "2474"]
[TimeControl "180+1"]
[EndTime "10:18:16 PDT"]
[Termination "BeanScreen won by resignation"]

1. e4 c5 2. Nf3 d6 3. d4 cxd4 4. Nxd4 Nf6 5. Nc3 a6 6. Be3 e5 7. Nb3 Be6 8. h3 Nbd7 9. g4 h6 10. Qd2 b5 11. Bg2 Nb6 12. O-O-O Nc4 13. Qd3 Rc8 14.
Nd5 Bxd5 15. exd5 Nxe3 16. Qxe3 Be7 17. Kb1 Qc7 18. c3 O-O 19. f4 exf4 20. Qxf4 Qc4 21. Rd4 Qe2 22. Bf3 Qe5 23. Qd2 Nd7 24. h4 Qg3 25.
Bd1 Bxh4 26. Rd3 Qf2 27. Qxf2 Bxf2 28. Rdh3 f6 29. Na5 Ne5 30. Bc2 Rc5 31. Bf5 Rb8 32. Nc6 Nxc6 33. dxc6 Rxc6 34. Rd3 Bg3 35. Rxg3 Re8 36. Bd7 1-0

[Event "*** SCC Grand Prix: Titled Tuesday Blitz"]
[Site "Chess.com"]
[Date "2020.08.11"]
[Round "2"]
[White "ace_mar"]
[Black "GregShahade"]
[Result "0-1"]
[WhiteElo "2466"]
[BlackElo "2702"]
[TimeControl "180+1"]
[EndTime "10:18:16 PDT"]
[Termination "GregShahade won by resignation"]

1. d4 Nf6 2. c4 g6 3. g3 Bg7 4.
Bg2 d5 5. cxd5 Nxd5 6. Nf3 Nb6 7.
Nc3 Nc6 8. e3 O-O 9. O-O Re8 10.
Nh4 e5 11. d5 Nb4 12. Qb3 Nd3 13. Rd1 e4 14. Nxe4 Nxc1 15. Raxc1 Bg4 16. Rd2 g5 17. d6 c6 18. d7 Nxd7 19. Nd6 Be6 20. Qxb7 gxh4 21.
Bxc6 Rb8 22. Qxa7 Rf8 23. Ne4 Qb6 24. Rxd7 Bxd7 25. Qxd7 Qxb2 26. Rd1 hxg3 27. Nxg3 Qf6 28. Qg4 Qxc6 29. Nf5 Qf6 30. Rd6 Qa1+ 31. Kg2 Kh8 0-1

[Event "*** SCC Grand Prix: Titled Tuesday Blitz"]
[Site "Chess.com"]
[Date "2020.08.11"]
[Round "2"]
[White "a3aki"]
[Black "Chessdemon2019"]
[Result "1-0"]
[WhiteElo "2069"]
[BlackElo "2352"]
[TimeControl "180+1"]
[EndTime "10:18:16 PDT"]
[Termination "a3aki won by resignation"]

1. e4 c5 2. Nf3 d6 3. d4 cxd4 4.
Nxd4 Nf6 5. Nc3 a6 6. h3 e5 7. Nde2 h5 8. g3 Be6 9. Bg2 Be7 10. Nd5 Nxd5 11. exd5 Bf5 12. c4 Nd7 13. Nc3 Rc8 14. b3 b5 15. Qe2 bxc4 16. bxc4 O-O 17. O-O Nc5 18. Ne4 Nxe4 19. Bxe4 Bxe4 20. Qxe4 f5 21. Qe2 g6 22. Bd2 Bg5 23. Rfc1 Kg7 24. h4 Bxd2 25.
Qxd2 f4 26. Rab1 Rc7 27. c5 dxc5 28. d6 fxg3 29. fxg3 Rd7 30. Rxc5 Rxd6 31. Rb7+ Rf7 32. Rxf7+ Kxf7 33. Qf2+ Kg7 34. Rxe5 Rd1+ 35. Re1 Rxe1+ 36.
Qxe1 Qd4+ 37. Qf2 Qd3 38. Qb2+ Kf7 39. Qb7+ Ke6 40. Qc8+ Ke5 41. Qe8+ Kd4 42. Qa4+ Kc3 43. Qa3+ Kc2 44. Qc5+ Kb2 45. Qe5+ Kxa2 46. Qe6+ Kb1 47. Qb6+ Kc1 48. Qc7+ Kd1 49. Qf4 a5 50. g4 hxg4 51. Qxg4+ Kc1 52. Qg5+ Kb2 53. Qxa5 Qg3+ 54. Kf1 Qf4+ 55.
Kg1 Qg4+ 56. Kf1 Qh3+ 57. Kg1 Qg3+ 58. Kf1 Kc2 59. Qa2+ Kd3 60. Qb3+ Kd4 61. Qxg3 Ke4 62. Qxg6+ 1-0

[Event "*** SCC Grand Prix: Titled Tuesday Blitz"]
[Site "Chess.com"]
[Date "2020.08.11"]
[Round "2"]
[White "kakarot_001"]
[Black "ehrenfeld"]
[Result "1/2-1/2"]
[WhiteElo "2814"]
[BlackElo "2553"]
[TimeControl "180+1"]
[EndTime "10:18:17 PDT"]
[Termination "Game drawn by repetition"]

1. Nf3 f5 2. d3 d6 3. e4 e5 4.
Nc3 Nc6 5. exf5 Nge7 6. d4 exd4 7.
Nxd4 Nxd4 8. Qxd4 Nxf5 9. Qa4+ c6 10. Bd3 Be7 11. O-O O-O 12. Bd2 d5 13. Rae1 Bd6 14. f4 Bc5+ 15. Kh1 Qh4 16. Bxf5 Bxf5 17. Qb3 Bf2 18. Re2 Bg3 19. h3 Rae8 20. Kg1 Kh8 21. Rf3 Bg4 22. Rxe8 Rxe8 23. Rxg3 Qxg3 24. hxg4 Re1+ 25.
Bxe1 Qxe1+ 26. Kh2 Qh4+ 27. Kg1 Qe1+ 28. Kh2 Qh4+ 29.
Kg1 Qe1+ 1/2-1/2

[Event "*** SCC Grand Prix: Titled Tuesday Blitz"]
[Site "Chess.com"]
[Date "2020.08.11"]
[Round "2"]
[White "Lion-Al-Messi"]
[Black "VitaliyBernadskiy"]
[Result "0-1"]
[WhiteElo "2497"]
[BlackElo "2745"]
[TimeControl "180+1"]
[EndTime "10:18:18 PDT"]
[Termination "VitaliyBernadskiy won by checkmate"]

1. e4 d6 2. d4 Nf6 3. Nc3 e5 4.
Nf3 Nbd7 5. Bc4 Be7 6. O-O O-O 7. a4 a5 8. h3 b6 9. Be3 Bb7 10. dxe5 dxe5 11. Nd5 Nxe4 12. Nxe7+ Qxe7 13. Qe2 Nd6 14. Bb3 Ba6 15. c4 Rad8 16. Rac1 h6 17. Rfe1 c5 18.
Ba2 e4 19. Nd2 Ne5 20. Bb1 f5 21. Bf4 Qe6 22. b3 Nc6 23. Qh5 Qf6 24. Re3 g5 25. Bh2 Nf7 26. Nf1 Nd4 27. Rec3 Bb7 28. Ne3 Rfe8 29.
Kf1 Ne5 30. Re1 Qg6 31. Qxg6+ Nxg6 32. g4 f4 33. Nd5 Rxd5 34. cxd5 Bxd5 35. Rd1 Nh4 36. Ba2 e3 37. fxe3 fxe3 38. Re1 Bg2+ 39. Kg1 Ndf3# 0-1

[Event "*** SCC Grand Prix: Titled Tuesday Blitz"]
[Site "Chess.com"]
[Date "2020.08.11"]
[Round "2"]
[White "catalin009"]
[Black "PavlovDanila"]
[Result "0-1"]
[WhiteElo "2360"]
[BlackElo "2674"]
[TimeControl "180+1"]
[EndTime "10:18:18 PDT"]
[Termination "PavlovDanila won on time"]

1. e4 e6 2. d4 d5 3. Bd3 Nf6 4. e5 Nfd7 5. f4 c5 6. c3 Nc6 7. Nf3 Qb6 8. Bc2 f6 9. g3 Be7 10. Kf1 O-O 11. Kg2 cxd4 12. cxd4 fxe5 13. dxe5 Nb4 14.
Nc3 Nxc2 15. Qxc2 Nc5 16. Be3 Bd7 17. h4 Rac8 18. Ng5 Bxg5 19. hxg5 g6 20. Rh6 Be8 21. Rah1 Rc7 22. Qf2 d4 23. Bxd4 Bc6+ 24. Kh2 Bxh1 25. Na4 Qc6 26. Nxc5 Be4 27. Qe3 Bf5 28. Rh4 b6 29. Nb3 Qe4 30. g4 Rc2+ 0-1

[Event "*** SCC Grand Prix: Titled Tuesday Blitz"]
[Site "Chess.com"]
[Date "2020.08.11"]
[Round "2"]
[White "Artem_Sadovsky"]
[Black "JonasHilwerda"]
[Result "1-0"]
[WhiteElo "2425"]
[BlackElo "2199"]
[TimeControl "180+1"]
[EndTime "10:18:20 PDT"]
[Termination "Artem_Sadovsky won by resignation"]

1. Nf3 Nf6 2. g3 b6 3. Bg2 Bb7 4. O-O g6 5. c4 Bg7 6. b3 O-O 7.
Bb2 d6 8. d3 e5 9. Nbd2 Nbd7 10.
Qc2 Re8 11. Rfe1 Nf8 12. b4 a5 13. a3 Ne6 14. e3 Nd7 15. d4 exd4 16. exd4 d5 17.
c5 bxc5 18. dxc5 Bxb2 19. Qxb2 Qf6 20. Qxf6 Nxf6 21. Ne5 c6 22. Nb3 axb4 23. axb4 Ba6 24. Nxc6 Bc4 25. Ne7+ Kg7 26. Rxa8 Rxa8 27. Na5 Rb8 28.
Nec6 Rb5 29. Nxc4 dxc4 30. Bf1 Rb8 31. Nxb8 Nc7 32. Bxc4 1-0

[Event "*** SCC Grand Prix: Titled Tuesday Blitz"]
[Site "Chess.com"]
[Date "2020.08.11"]
[Round "2"]
[White "EugeneRougon"]
[Black "Eternauta2400"]
[Result "0-1"]
[WhiteElo "2727"]
[BlackElo "2512"]
[TimeControl "180+1"]
[EndTime "10:18:21 PDT"]
[Termination "Eternauta2400 won on time"]

1. e4 c5 2. Nf3 Nc6 3. Bb5 g6 4. Bxc6 dxc6 5. d3 Bg7 6. h3 Nf6 7. Nc3 Nd7 8. O-O e5 9. a3 Qe7 10.
Be3 Nf8 11. b4 cxb4 12. axb4 Ne6 13. b5 Nd4 14. bxc6 bxc6 15. Nd2 h5 16. Nc4 Be6 17. Na5 g5 18. Bxd4 exd4 19. Ne2 g4 20. h4 Qxh4 21.
Nxc6 Bd7 22. Ncxd4 Be5 23. g3 Qh3 24. Ra5 Bxd4 25.
Nxd4 h4 26. Re5+ Kf8 27. Nf5 Bxf5 0-1

[Event "*** SCC Grand Prix: Titled Tuesday Blitz"]
[Site "Chess.com"]
[Date "2020.08.11"]
[Round "2"]
[White "VincentKeymer"]
[Black "warmoatmeal"]
[Result "0-1"]
[WhiteElo "2886"]
[BlackElo "2346"]
[TimeControl "180+1"]
[EndTime "10:18:21 PDT"]
[Termination "warmoatmeal won by checkmate"]

1. Nf3 Nf6 2. c4 e6 3. Nc3 d5 4. e3 c5 5. cxd5 exd5 6. d4 Nc6 7. Bb5 a6 8. Bxc6+ bxc6 9. O-O Bd6 10. dxc5 Bxc5 11.
Qa4 Bd7 12. b3 O-O 13. Ba3 Qe7 14. Bxc5 Qxc5 15. Rac1 Qd6 16. Rfd1 Rfd8 17. h3 Qe7 18. Qf4 h6 19. Qe5 Qa3 20. Nd4 Rac8 21. Nf5 Bxf5 22. Qxf5 c5 23. Rc2 d4 24. exd4 cxd4 25. Nb5 Qf8 26.
Rxc8 Rxc8 27. Nxd4 Rd8 28. Qc2 Qa3 29. Nf5 Rxd1+ 30.
Qxd1 Qxa2 31. g4 Ne4 32. Qd4 Nf6 33. Qd8+ Kh7 34. Qf8 Qa1+ 35. Kg2 Nd5 36. Qxf7 Nf4+ 37. Kg3 Ng6 38. h4 Qg1+ 39. Kh3 Nf4# 0-1

[Event "*** SCC Grand Prix: Titled Tuesday Blitz"]
[Site "Chess.com"]
[Date "2020.08.11"]
[Round "2"]
[White "WonderChampion"]
[Black "Tactictic"]
[Result "0-1"]
[WhiteElo "1972"]
[BlackElo "2358"]
[TimeControl "180+1"]
[EndTime "10:18:21 PDT"]
[Termination "Tactictic won by resignation"]

1. d4 Nf6 2. Bg5 e6 3. e4 d6 4. Nc3 h6 5. Be3 Be7 6. Nf3 a6 7. h3 b5 8. a3 Bb7 9. Bd3 Nbd7 10. O-O c5 11. b3 Rc8 12. Qd2 c4 13. bxc4 bxc4 14.
Be2 Nxe4 15. Nxe4 Bxe4 16. Qc3 O-O 17. Nd2 Bg6 18. a4 Nf6 19. Rab1 Nd5 20. Qa1 c3 21. Nf3 Bxc2 22. Rbc1 Be4 23. Rfd1 Nxe3 24. fxe3 c2 25. Rd2 Qa5 26. Bd3 Bxf3 27. Rf2 Bd5 28. Bxc2 Bg5 29. Qa3 Rc3 30. Qb2 Bxe3 31. Rf1 Bxf2+ 32. Rxf2 Re3 33. Rf1 Re1 34. Qb3 Bxb3 0-1

[Event "*** SCC Grand Prix: Titled Tuesday Blitz"]
[Site "Chess.com"]
[Date "2020.08.11"]
[Round "2"]
[White "AJSC02"]
[Black "Makswolf200817"]
[Result "1-0"]
[WhiteElo "2266"]
[BlackElo "2438"]
[TimeControl "180+1"]
[EndTime "10:18:22 PDT"]
[Termination "AJSC02 won by checkmate"]

1. e4 c5 2. Nf3 e6 3. c3 d5 4.
exd5 exd5 5. d4 Nc6 6. Bb5 Nf6 7. Bg5 Be7 8. O-O O-O 9. dxc5 h6 10.
Bf4 Bxc5 11. h3 a6 12. Ba4 Bf5 13. Bc2 Ne4 14. Nbd2 Qb6 15. Nxe4 dxe4 16. Nh4 Bh7 17. b4 Be7 18. Qh5 Qb5 19. Qg4 Kh8 20. a4 Qd5 21. Rad1 Qe6 22. Qh5 g5 23. Be3 gxh4 24.
Bxh6 Rg8 25. Rfe1 Qf5 26. Qxf5 Bxf5 27. Bxe4 Bxe4 28. Rxe4 Bf6 29. Rf4 Rg6 30. Rd7 Rxh6 31. Rxf7 Bxc3 32. Rxb7 Re8 33. Rc4 Re1+ 34. Kh2 Be5+ 35. g3 hxg3+ 36. fxg3 Re2+ 37. Kg1 Rxh3 38. Rxc6 Bd4+ 39. Kf1 Rf2+ 40. Kg1 Rh1+ 41. Kxh1 Rf1+ 42. Kg2 Rg1+ 43. Kh3 Rh1+ 44. Kg4 Rb1 45. Rc8# 1-0

[Event "*** SCC Grand Prix: Titled Tuesday Blitz"]
[Site "Chess.com"]
[Date "2020.08.11"]
[Round "2"]
[White "Rubinstein_Akiba"]
[Black "volkanyirik"]
[Result "0-1"]
[WhiteElo "2437"]
[BlackElo "2277"]
[TimeControl "180+1"]
[EndTime "10:18:22 PDT"]
[Termination "volkanyirik won by checkmate"]

1. e4 g6 2. d4 Bg7 3. Nf3 c5 4.
dxc5 Nc6 5. c3 Nf6 6. Bd3 O-O 7. O-O b6 8. cxb6 Qxb6 9. Nbd2 d5 10. exd5 Nxd5 11.
Nc4 Qc7 12. Ne3 Nf4 13. Be4 Ba6 14. Re1 Rad8 15. Qa4 Bb7 16. Nc2 Nd3 17. Bxd3 Rxd3 18. Bf4 e5 19. Be3 Rfd8 20. Qc4 Qd7 21. h3 Na5 22. Qb4 Bxf3 23. Qxa5 Ba8 24. Nb4 Qb7 25. f3 R3d7 26. Na6 Rd5 27. Nc5 Qc6 28. c4 R5d6 29.
Ne4 Rd3 30. Nc5 R3d6 31. b4 f5 32. Bg5 Rd2 33. Bxd2 Rxd2 34. Rf1 e4 35. Rad1 Bd4+ 36. Kh1 exf3 37. Qd8+ Kg7 38. Qe7+ Kh6 39. Qh4+ Kg7 40. Qe7+ Kg8 41. Qd8+ Kf7 42. gxf3 Qxf3+ 43. Rxf3 Bxf3# 0-1

[Event "*** SCC Grand Prix: Titled Tuesday Blitz"]
[Site "Chess.com"]
[Date "2020.08.11"]
[Round "2"]
[White "Goryachkina"]
[Black "ChessWarrior7197"]
[Result "0-1"]
[WhiteElo "2581"]
[BlackElo "2903"]
[TimeControl "180+1"]
[EndTime "10:18:23 PDT"]
[Termination "ChessWarrior7197 won on time"]

1. e4 c5 2. Nf3 d6 3. c3 Nf6 4.
Be2 g6 5. O-O Bg7 6. Bb5+ Bd7 7.
Bxd7+ Nfxd7 8. d4 O-O 9. d5 b5 10. Nbd2 a5 11. a4 b4 12. c4 e5 13. Ne1 f5 14.
Nd3 Nf6 15. f3 Nbd7 16. Qe2 f4 17. b3 h5 18. Bb2 g5 19. Kf2 g4 20. Ke1 Bh6 21. Kd1 Kh7 22. Kc2 Qe7 23. Rg1 Rg8 24. Raf1 Rg6 25. Qd1 Rag8 26. Kb1 R8g7 27. Ka2 Qe8 28.
h3 gxh3 29. gxh3 Rg3 30. Nf2 Qg8 31. Rh1 Rg2 32. h4 R7g3 33. Nh3 Nf8 34. Qe1 Ng6 35. Ng5+ Bxg5 36. hxg5 Rxg5 37. Rf2 h4 38. Qf1 Rxf2 39. Qxf2 Nh5 40. Rh3 Rg3 41. Rh2 Qd8 42. Nf1 Qg5 43. Qe2 h3 44. Nxg3 fxg3 45. Rxh3 Nf4 46. Rxh5+ Qxh5 47. Qf1 g2 0-1

[Event "*** SCC Grand Prix: Titled Tuesday Blitz"]
[Site "Chess.com"]
[Date "2020.08.11"]
[Round "2"]
[White "Gabix_94"]
[Black "pedromartinez91"]
[Result "1-0"]
[WhiteElo "2850"]
[BlackElo "2558"]
[TimeControl "180+1"]
[EndTime "10:18:24 PDT"]
[Termination "Gabix_94 won by resignation"]

1. c4 c6 2. Nc3 d5 3. d4 Nf6 4. e3 g6 5. Nf3 Bg7 6. Be2 O-O 7. O-O dxc4 8. Bxc4 Bg4 9. Be2 Nbd7 10.
Qc2 Rc8 11. Rd1 Qc7 12. h3 Bxf3 13. Bxf3 e5 14. dxe5 Nxe5 15. Be2 Rfd8 16. Bd2 Qe7 17. Rac1 Qe6 18. b3 Ned7 19. Be1 Nb6 20. Na4 Nxa4 21. bxa4 Nd5 22. Bc4 Qe8 23. Qb3 Nb6 24. Be2 Rd7 25.
a5 Nd5 26. a6 b6 27. a4 Rcd8 28. Bf3 Rd6 29. g3 Qe6 30. h4 Bh6 31. Rd3 Nxe3 32.
Qxe6 fxe6 33. Rxe3 Bxe3 34. fxe3 c5 35. Bc3 Rd3 36.
Kf2 Kf7 37. Ke2 Ke7 38. Be4 R3d7 39. Rh1 Kf7 40. h5 gxh5 41. Rxh5 Kg8 42. g4 Rd5 43. Bxd5 exd5 44. Bf6 Rd6 45. Be5 Re6 46. Kd3 Re7 47.
Bd6 Rd7 48. Rxd5 Kf7 49. e4 Ke6 50. Bb8 Rg7 51. g5 Rd7 52. Rxd7 Kxd7 53. Bxa7 Kc6 1-0

[Event "*** SCC Grand Prix: Titled Tuesday Blitz"]
[Site "Chess.com"]
[Date "2020.08.11"]
[Round "2"]
[White "Sadykov_Ramil"]
[Black "vrekhson"]
[Result "1-0"]
[WhiteElo "2400"]
[BlackElo "2147"]
[TimeControl "180+1"]
[EndTime "10:18:24 PDT"]
[Termination "Sadykov_Ramil won by checkmate"]

1. e4 c5 2. Nf3 a6 3. Nc3 b5 4. d4 cxd4 5. Nxd4 Bb7 6. Be3 d6 7.
Bd3 Nf6 8. f3 Nbd7 9. O-O g6 10.
Re1 Bg7 11. a4 b4 12. Na2 a5 13. c3 bxc3 14. Nxc3 O-O 15. Qd2 Nc5 16. Bc2 Ba6 17. Rad1 Rb8 18. Nc6 Qb6 19. Nxb8 Rxb8 20. Rb1 Qb4 21.
Red1 h5 22. Qf2 Bb7 23. e5 Nfd7 24. exd6 exd6 25. Rxd6 Be5 26. Rdd1 Bc6 27. Nd5 Bxd5 28.
Rxd5 Qc4 29. Rbd1 Rxb2 30. R1d2 Bc3 31. Qe2 Qa2 32. Bxc5 Bxd2 33. Qe8+ Kg7 34. Bd4+ Nf6 35. Bxf6+ Kxf6 36. Qe5# 1-0